 Dungeon Crawl Stone Soup version 0.31-a0-549-gf98fd537a9 (webtiles) character file.

Game seed: 7809118838281863647

475 AdnanSaban the Shield-Bearer (level 7, -4/43 HPs)
             Began as a Gargoyle Fighter on Aug 16, 2023.
             Killed from afar by a steam dragon (7 damage)
             ... with a ball of steam
             ... on level 6 of the Dungeon.
             The game lasted 00:02:48 (3371 turns).

AdnanSaban the Shield-Bearer (Gargoyle Fighter)     Turns: 3371, Time: 00:02:49

Health: -4/43      AC: 20    Str: 21    XL:     7   Next: 10%
Magic:  7/7        EV:  9    Int:  9    God:
Gold:   247        SH:  9    Dex:  9    Spells: 6/6 levels left

rFire   . . .        D - +1 flail (protect)
rCold   . . .        c - +0 buckler
rNeg    + . .        b - +0 scale mail
rPois   ∞            (no helmet)
rElec   +            x - +0 cloak
rCorr   .            (no gloves)
SInv    .            (no boots)
Will    .....        o - amulet of reflection Stlth
                     (no ring)
HPRegen 0.27/turn    (no ring)
MPRegen 0.10/turn

%: reflection
@: under a protective aura
A: sickness immunity, AC +4, negative energy resistance 1, electricity
resistance, torment resistance 1, petrification resistance
a: no special abilities


You were on level 6 of the Dungeon.
You visited 1 branch of the dungeon, and saw 5 of its levels.

You collected 247 gold pieces.

Inventory:

Hand Weapons
 D - a +1 flail of protection (weapon)
Missiles
 v - 7 poisoned darts (quivered)
Armour
 b - a +0 scale mail (worn)
 c - a +0 buckler (worn)
 x - a +0 cloak (worn)
Jewellery
 o - an amulet of reflection (around neck)
 z - a +6 ring of intelligence
Scrolls
 f - 2 scrolls of vulnerability {unknown}
 h - a scroll of butterflies {unknown}
 i - 3 scrolls of teleportation {unknown}
 j - a scroll of enchant weapon {unknown}
 k - a scroll of immolation {unknown}
 l - a scroll of identify {unknown}
 m - a scroll of poison {unknown}
 p - 2 scrolls of noise {unknown}
 q - a scroll of amnesia {unknown}
 y - a scroll of enchant armour {unknown}
 B - a scroll of fear {unknown}
 C - a scroll of fog {unknown}
Potions
 d - a potion of might
 e - a potion of brilliance {unknown}
 g - a potion of magic {unknown}
 n - 2 potions of curing {unknown}
 r - 2 potions of berserk rage {unknown}
 s - a potion of degeneration {unknown}
 t - a potion of haste {unknown}
 u - a potion of ambrosia {unknown}
 w - a potion of attraction {unknown}
 A - a potion of invisibility {unknown}


   Skills:
 + Level 4.2 Fighting
 + Level 4.8 Maces & Flails
 + Level 0.1 Throwing
 + Level 4.5 Armour
 + Level 1.4 Dodging
 + Level 0.3 Stealth
 + Level 5.0 Shields


You had 6 spell levels left.
You didn't know any spells.
Your spell library contained the following spells:

 Spells                   Type           Power      Damage    Failure   Level
 Ensorcelled Hibernation  Hex/Ice        0%         N/A       89%         2
 Gell's Gravitas          Tloc           0%         N/A       98%         3
 Teleport Other           Tloc           0%         N/A       98%         3
 Anguish                  Hex/Necr       0%         N/A       100%        4
 Summon Forest            Summ/Tloc      0%         N/A       100%        5
 Summon Mana Viper        Hex/Summ       0%         N/A       100%        5
 Dispersal                Tloc           0%         N/A       100%        6
 Summon Cactus Giant      Summ           0%         N/A       100%        6


Dungeon Overview and Level Annotations

Branches:
Dungeon (4/15)
 Temple: D:4-7

Altars:
Ru
Uskayaw

Shops:
D:2 [


Innate Abilities, Weirdness & Mutations

You are immune to sickness and miasma.
Your stone body is resilient. (AC +4)
You are immune to poison.
You resist negative energy. (rN+)
You are resistant to electric shocks. (rElec)
You are resistant to unholy torment.
You are immune to petrification.


Message History

You are engulfed in a cloud of scalding steam.
The steam dragon bites you! The steam dragon claws you.
You barely miss the steam dragon.
The steam dragon is moderately wounded.
You are engulfed in a cloud of scalding steam.
The steam dragon bites you but does no damage.
You block the steam dragon's attack.
You barely miss the steam dragon.
The steam dragon is moderately wounded.
The steam dragon bites you but does no damage.
You block the steam dragon's attack.
You hit the steam dragon.
The steam dragon is moderately wounded.
The steam dragon breathes steam at you. The ball of steam hits you!
* * * LOW HITPOINT WARNING * * *
The steam dragon bites you but does no damage.
The steam dragon misses you.
You hear an angry growl.
The steam dragon attacks as you move away!
You block the steam dragon's attack. The steam dragon closely misses you.
You hear a loud, deep croak!
You barely miss the steam dragon.
The steam dragon is moderately wounded.
You block the steam dragon's attack. x2
You thump the steam dragon!
The steam dragon is severely wounded.
The steam dragon breathes steam at you. The ball of steam hits you.
* * * LOW HITPOINT WARNING * * *
You hear an angry growl.
You barely miss the steam dragon.
The steam dragon is severely wounded.
The steam dragon bites you but does no damage.
You block the steam dragon's attack.
You hit the steam dragon.
The steam dragon is almost dead.
The steam dragon breathes steam at you. The ball of steam hits you!
You die...

#+##### #.....#
#####D# #@# #.#
#.# #.#.# #.#
#.#.# #.# #.#.#
#.# #.#.# #.#
######.#.#
#.####....#.#.#
#....'....'...#
######....#...#


You could see a steam dragon (catching breath).

Vanquished Creatures
  A black bear (D:3)
  An ogre (D:4)
  A gnoll bouda (D:3)
  3 hounds (D:4)
  A jelly (D:4)
  An iguana (D:4)
  5 gnolls
  2 adders
  An ufetubus (D:3)
  2 worms (D:3)
  A dart slug (D:2)
  An orc (D:4)
  2 ball pythons
  4 endoplasms (D:1)
  5 giant cockroaches
  7 goblins
  4 hobgoblins
  2 jackals (D:3)
  A frilled lizard (D:1)
  6 kobolds
  3 rats
54 creatures vanquished.

Vanquished Creatures (others)
  A kobold (D:3)
1 creature vanquished.

Grand Total: 55 creatures vanquished

Notes
Turn   | Place    | Note
-------+----------+-------------------------------------------
     0 | D:1      | AdnanSaban the Gargoyle Fighter began the quest for the
                  | Orb.
     0 | D:1      | Reached XP level 1. HP: 14/14 MP: 1/1
   142 | D:1      | Reached XP level 2. HP: 19/19 MP: 2/2
   302 | D:1      | Found a faded altar of an unknown god.
   990 | D:2      | Found Veggeaho's Armour Shop.
  1031 | D:2      | Reached XP level 3. HP: 24/24 MP: 3/3
  1128 | D:2      | Identified the +0 ring mail of Voob {Drain rC+ rCorr Dex+2}
  1755 | D:3      | Noticed a black bear
  1776 | D:3      | Killed a black bear
  1777 | D:3      | Reached XP level 4. HP: 8/29 MP: 4/4
  1777 | D:3      | Reached XP level 5. HP: 9/33 MP: 5/5
  1887 | D:3      | Found a sacrificial altar of Ru.
  1897 | D:3      | Found a hide-covered altar of Uskayaw.
  1993 | D:3      | Reached skill level 4 in Shields
  2299 | D:4      | Noticed a steam dragon
  2342 | D:4      | Noticed an ogre
  2361 | D:4      | Killed an ogre
  2362 | D:4      | Reached skill level 1 in Dodging
  2362 | D:4      | Reached XP level 6. HP: 28/38 MP: 6/6
  3046 | D:3      | Reached XP level 7. HP: 24/43 MP: 7/7
  3125 | D:3      | Reached skill level 5 in Shields
  3315 | D:4      | You fall into a shaft and drop 2 floors!
  3358 | D:6      | Noticed a steam dragon
  3365 | D:6      | HP: 2/43 [steam dragon/ball of steam (12)]
  3371 | D:6      | Killed from afar by a steam dragon

Illustrated notes

Levels and vault maps discovered:
D:1:      dpeg_arrival_pits, layout_basic, ebering_ecumenical_altar_mist,
          minivault_27
D:2:      layout_loops_ring, serial_shops, nicolae_diamond_shop,
          hangedman_decor_clover_reticule
D:3:      layout_loops_ring, mainiacjoe_overflow_large_starburst
D:4:      layout_loops_ring, uniq_edmund
D:6:      layout_basic, uniq_duvessa

Skill      XL: |  1  2  3  4  5  6  7 |
---------------+----------------------+-----
Maces & Flails | 3 4 |  4.8
Shields        | 4 5 |  5.0
Armour         | 4 |  4.5
Fighting       | 4 |  4.2
Dodging        | 1 |  1.4
Throwing       | |  0.1
Stealth        | |  0.3

Action                     |  1- 3 |  4- 6 |  7- 9 || total
---------------------------+-------+-------+-------++-------
  Melee: Flail             |   103 |   127 |    30 ||   260
  Throw: Dart              |       |     3 |       ||     3
 Armour: Scale mail        |    48 |    79 |    15 ||   142
  Dodge: Dodged            |    44 |    62 |     8 ||   114
  Block: Buckler           |    39 |    88 |    23 ||   150
         Reflection        |     3 |     2 |       ||     5

Table legend: (Time is in decaauts)
 A = Elapsed time spent in this place.
 B = Non-inter-level travel time spent in this place.
 C = Inter-level travel time spent in this place.
 D = Time resting spent in this place.
 E = Time spent auto-exploring this place.
 F = Levels seen in this place.
 G = Mean time per level.
                   A        B        C        D        E       F      G
               +--------+--------+--------+--------+--------+-----+--------+
         Total |   3439 |   3366 |     73 |    303 |   2450 |   5 |  687.8 |
       Dungeon |   3439 |   3366 |     73 |    303 |   2450 |   5 |  687.8 |
               +--------+--------+--------+--------+--------+-----+--------+

Top non-repeatable levels by time:
     D:3: 1141 daAuts
     D:1: 908 daAuts
     D:2: 670 daAuts
     D:4: 660 daAuts
     D:6: 57 daAuts
